 Dungeon Crawl Stone Soup version 0.21.1-1-g345015fe64 (webtiles) character file.

986 deREXte the Thaumaturge (level 7, -5/36 HPs)
             Began as a Deep Elf Wizard on July 24, 2018.
             Was a Believer of Dithmenos.
             Slain by an unseen horror (11 damage)
             ... on level 5 of the Dungeon.
             The game lasted 00:34:27 (7723 turns).

deREXte the Thaumaturge (Deep Elf Wizard)           Turns: 7723, Time: 00:34:28

Health: -5/36      AC:  3    Str:  4    XL:     7   Next: 97%
Magic:  13/21      EV: 13    Int: 25    God:    Dithmenos [**....]
Gold:   207        SH:  0    Dex: 13    Spells: 17/23 levels left

rFire    . . .     SeeInvis .   t - +4 dagger
rCold    . . .     Gourm    +   (no shield)
rNeg     . . .     Faith    .   r - +0 robe
rPois    .         Spirit   .   b - +0 hat
rElec    .         Reflect  .   (no cloak)
rCorr    .         Harm     .   w - +0 pair of gloves
MR       .....                  (no boots)
Stlth    ++........             o - amulet of the gourmand
HPRegen  0.12/turn              (no ring)
MPRegen  0.17/turn              (no ring)

@: wreathed by umbra
A: no striking features
a: Shadow Step, Renounce Religion


You were on level 5 of the Dungeon.
You worshipped Dithmenos.
Dithmenos was pleased with you.
You were not hungry.

You visited 1 branch of the dungeon, and saw 5 of its levels.

You collected 207 gold pieces.

Inventory:

Hand Weapons
 f - a +0 dagger
 t - a +4 dagger (weapon)
Armour
 a - a +0 robe
 b - a +0 hat (worn)
 q - a +0 robe
 r - a +0 robe (worn)
 w - a +0 pair of gloves (worn)
 z - a +0 robe
Jewellery
 o - an amulet of the gourmand (around neck)
Scrolls
 e - 2 scrolls of immolation {unknown}
 g - 3 scrolls of remove curse
 l - a scroll of enchant armour {unknown}
 m - a scroll of random uselessness {unknown}
 n - a scroll of enchant weapon {unknown}
 y - a scroll of amnesia {unknown}
 A - a scroll of magic mapping {unknown}
Potions
 i - a potion of heal wounds
 j - 3 potions of curing
 k - a potion of ambrosia
 p - a potion of agility {unknown}
 s - 2 potions of brilliance
 u - a potion of degeneration {unknown}
 v - a potion of berserk rage {unknown}
 x - a potion of mutation
Books
 c - a book of Minor Magic

   Spells                             Type                      Level
   a - Magic Dart                     Conjuration                  1
   b - Blink                          Translocation                2
   c - Call Imp                       Summoning                    2
   d - Slow                           Hexes                        2
   e - Conjure Flame                  Conjuration/Fire             3
   f - Mephitic Cloud                 Conjuration/Poison/Air       3
Comestibles
 d - 7 rations


   Skills:
 - Level 2.4 Dodging
 - Level 2.4 Stealth
 + Level 8.7 Spellcasting
 * Level 7.9 Conjurations
 - Level 1.1 Summonings
   Level 1.1 Translocations


You had 17 spell levels left.
You knew the following spells:

 Your Spells              Type           Power        Failure   Level  Hunger
a - Magic Dart            Conj           ####         1%          1    None
b - Mephitic Cloud        Conj/Pois/Air  ###.....     5%          3    None
c - Call Imp              Summ           ###.....     5%          2    None


Dungeon Overview and Level Annotations

Branches:
Dungeon (5/15)
 Temple: D:4-7

Altars:
Dithmenos
Fedhas
Ru

Annotations:
D:4 Prince Ribbit


Message History

Aim: a quokka zombie (umbra)
The magic dart hits the quokka zombie.
The quokka zombie is almost destroyed.
The quokka zombie bites you.
Casting: Magic Dart
Confirm with . or Enter, or press ? or * to list all spells.
Aiming: Magic Dart
Press: ? - help, Shift-Dir - straight line, f/p - quokka zombie
Aim: a quokka zombie (almost destroyed, umbra)
The magic dart hits the quokka zombie.
You destroy the quokka zombie!
Dithmenos accepts your kill.
Your crimson imp disappears in a puff of smoke!
Something hits you!
* * * LOW HITPOINT WARNING * * *
Casting: Magic Dart
Confirm with . or Enter, or press ? or * to list all spells.
You can't see any susceptible monsters within range! (Use Z to cast anyway.)
You hit something but do no damage. Something hits you!
You die...

... ... ###.# ...
#.!#.# #.##...#.#
#.#...##.# .
+#.#'.##..#
..ยง###...###...##
.......8........# ..
..###..@###....##....
#.'#.#'.##........#
#...#.#...##.#.....#
#...##.##...#.# .....
#%.##...##./#.# ...#
.####.....####.# ...#
..
.............).###...#
..
#######.####)###.....#
.. #.......5.#
#.....#.##


There were no monsters in sight!

Vanquished Creatures
  Grinder (D:4)
  The ghost of P0WERM0DE the Grave Robber, an amateur OpNe of Cheibriados (D:4)
  2 phantoms
  An orc priest (D:4)
  3 orc wizards
  An iguana (D:4)
  3 worker ants
  2 hound skeletons (D:5)
  11 adders
  4 gnolls (D:5)
  A shadow imp (D:5)
  A worm (D:4)
  2 dart slugs
  2 leopard geckos
  9 orcs
  3 ball pythons
  7 bats
  7 giant cockroaches
  7 goblins
  5 hobgoblins
  2 jackals (D:2)
  5 quokkas
  6 frilled lizards
  8 kobolds
  A quokka zombie (D:5)
  5 rats
100 creatures vanquished.

Vanquished Creatures (collateral kills)
  A necrophage (D:4)
  A bullfrog skeleton (D:5)
  An adder (D:5)
  A quokka (D:5)
4 creatures vanquished.

Grand Total: 104 creatures vanquished

Notes
Turn   | Place    | Note
-------+----------+-------------------------------------------
     0 | D:1      | deREXte the Deep Elf Wizard began the quest for the Orb.
     0 | D:1      | Reached XP level 1. HP: 10/10 MP: 7/7
   587 | D:1      | Reached XP level 2. HP: 15/15 MP: 5/9
  1132 | D:1      | Reached skill level 5 in Spellcasting
  1551 | D:2      | Reached XP level 3. HP: 19/19 MP: 6/11
  1799 | D:2      | Found a blossoming altar of Fedhas.
  1833 | D:2      | Found a shadowy altar of Dithmenos.
  1893 | D:2      | Became a worshipper of Dithmenos the Shadowed
  2057 | D:2      | Reached XP level 4. HP: 24/24 MP: 11/13
  2084 | D:2      | Learned a level 3 spell: Mephitic Cloud
  2339 | D:2      | Reached skill level 6 in Spellcasting
  2944 | D:3      | Reached * piety under Dithmenos
  3105 | D:3      | Reached XP level 5. HP: 27/28 MP: 13/15
  3187 | D:3      | Found a sacrificial altar of Ru.
  3523 | D:3      | Learned a level 2 spell: Call Imp
  3909 | D:4      | Noticed Grinder
  3909 | D:4      | Paralysed by Grinder for 7 turns
  4175 | D:4      | Noticed a phantom
  4583 | D:4      | Killed a phantom
  4583 | D:4      | Reached XP level 6. HP: 19/32 MP: 3/17
  4778 | D:4      | Reached skill level 7 in Spellcasting
  4778 | D:4      | Reached skill level 5 in Conjurations
  5195 | D:4      | Reached ** piety under Dithmenos
  5806 | D:4      | Noticed P0WERM0DE's ghost (amateur OpNe)
  5831 | D:4      | Killed P0WERM0DE's ghost
  5831 | D:4      | Reached XP level 7. HP: 23/36 MP: 14/20
  6279 | D:4      | Killed Grinder
  6279 | D:4      | Reached skill level 8 in Spellcasting
  6494 | D:5      | Entered Level 5 of the Dungeon
  7375 | D:5      | Noticed Prince Ribbit
  7723 | D:5      | Slain by an unseen horror

Skill      XL: |  1  2  3  4  5  6  7 |
---------------+----------------------+-----
Spellcasting   | 5 6 7 8 |  8.7
Conjurations   | 2 3 4 6 7 |  7.9
Dodging        | |  2.4
Stealth        | |  2.4
Summonings     | |  1.1
Translocations | |  1.1

Action                   |  1- 3 |  4- 6 |  7- 9 || total
-------------------------+-------+-------+-------++-------
Melee: Dagger            |    11 |     7 |     4 ||    22
 Cast: Magic Dart        |    87 |   154 |    83 ||   324
       Mephitic Cloud    |       |     7 |     3 ||    10
       Call Imp          |       |    11 |    21 ||    32
  Use: Scroll            |       |     7 |     2 ||     9
       Potion            |       |     1 |     1 ||     2
  Eat: Chunk             |     5 |     6 |       ||    11
       Ration            |     1 |     1 |     1 ||     3
Armor: Robe              |     5 |     1 |     5 ||    11
Dodge: Dodged            |    21 |    38 |    26 ||    85
